 Dungeon Crawl Stone Soup version 0.28-a0-724-g66f9036eb4 (webtiles) character file.

Game seed: 6666527038250472903

142 KoroneIsBestGirl the Covered (level 5, -1/47 HPs)
             Began as a Minotaur Fighter on Oct 26, 2021.
             Killed from afar by an orc wizard (6 damage)
             ... with a magic dart
             ... on level 3 of the Dungeon.
             The game lasted 00:02:27 (2369 turns).

KoroneIsBestGirl the Covered (Minotaur Fighter)     Turns: 2369, Time: 00:02:28

Health: -1/47      AC:  8    Str: 21    XL:     5   Next: 3%
Magic:  4/4        EV:  9    Int:  5    God:
Gold:   126        SH:  4    Dex: 10    Spells: 4/4 levels left

rFire   . . .      SeeInvis .   a - +0 trident
rCold   . . .      Faith    .   c - +0 buckler
rNeg    . . .      Spirit   .   b - +0 scale mail
rPois   .          Reflect  .   (helmet restricted)
rElec   .          Harm     .   r - +0 cloak
rCorr   .          Rampage  .   (no gloves)
Will    .....                   (no boots)
Stlth   ..........              (no amulet)
HPRegen 0.15/turn               (no ring)
MPRegen 0.09/turn               (no ring)

@: no status effects
A: horns 2, retaliatory headbutt
a: no special abilities


You were on level 3 of the Dungeon.
You visited 1 branch of the dungeon, and saw 3 of its levels.

You collected 126 gold pieces.

Inventory:

Hand Weapons
 a - a +0 trident (weapon)
Missiles
 l - 110 stones (quivered)
Armour
 b - a +0 scale mail (worn)
 c - a +0 buckler (worn)
 p - a +0 tower shield
 r - a +0 cloak (worn)
Scrolls
 e - a scroll of enchant weapon {unknown}
 f - a scroll of fog {unknown}
 h - 3 scrolls of identify {unknown}
 k - 4 scrolls of teleportation {unknown}
 m - a scroll of vulnerability {unknown}
 q - a scroll of amnesia {unknown}
 s - 3 scrolls of noise {unknown}
 t - a scroll of immolation {unknown}
 u - a scroll of blinking {unknown}
 v - a scroll of magic mapping {unknown}
 w - a scroll of silence {unknown}
Potions
 d - a potion of might
 g - a potion of berserk rage {unknown}
 i - a potion of attraction {unknown}
 j - a potion of mutation {unknown}
 n - a potion of resistance {unknown}
 o - a potion of degeneration {unknown}


   Skills:
 + Level 4.6 Fighting
 + Level 3.7 Polearms
 + Level 4.7 Armour
 + Level 4.6 Shields


You had 4 spell levels left.
You didn't know any spells.
Your spell library contained the following spells:

 Spells                   Type           Power      Damage    Failure   Level
 Ozocubu's Armour         Ice            0%         N/A       99%         3
 Airstrike                Air            0%         N/A       100%        4
 Summon Lightning Spire   Summ/Air       0%         N/A       100%        4
 Lightning Bolt           Conj/Air       0%         1d11      100%        5
 Metabolic Englaciation   Hex/Ice        0%         N/A       100%        5
 Simulacrum               Ice/Necr       0%         N/A       100%        6


Dungeon Overview and Level Annotations

Branches:
Dungeon (3/15)

Altars:
Elyvilon


Innate Abilities, Weirdness & Mutations

You have a pair of horns on your head.
You reflexively headbutt those who attack you in melee.


Message History

Something hits you but does no damage.
You barely miss something. Your headbutt misses something.
You hear some strange, mumbled words.
A puff of flame appears from out of thin air!
The puff of flame hits you but does no damage.
You hit something. Something hits you.
You miss something. Something hits you but does no damage.
You miss something.
An orc wizard appears from thin air!
Reactivating autopickup.
The orc wizard casts a spell at you.
You are confused.
You bump into the rock wall.
The orc wizard mumbles some strange words.
The orc wizard flickers and vanishes!
Deactivating autopickup; reactivate with Ctrl-A.
You miss something. Your headbutt misses something. Something hits you.
You're too confused to move!
Something hits you but does no damage.
You closely miss something.
You hear some strange, mumbled words.
A magic dart appears from out of thin air!
The magic dart hits you!
* * * LOW HITPOINT WARNING * * *
Something hits you but does no damage.
You feel less confused.
You closely miss something. Something hits you but does no damage.
You barely miss something. Your headbutt misses something.
You block something's attack.
You closely miss something. Something hits you but does no damage.
You barely miss something. Your headbutt misses something. Something hits you.
* * * LOW HITPOINT WARNING * * *
You miss something. Your headbutt misses something. Something hits you.
* * * LOW HITPOINT WARNING * * *
You closely miss something. Your headbutt misses something.
Something hits you but does no damage.
You barely miss something. You block something's attack.
You hit something but do no damage.
You hear some strange, mumbled words.
A magic dart appears from out of thin air!
The magic dart hits you.
You die...

#................#
########.........#
#.......... #...
#.......... #..
########... #..
#######......... #..
........#######.
#.#############.......#.
#o#..o{@......#.#####.#'
#)#.#######.#.....###...
#.#o.......<#.#.#...#...
#.o..######.#.#.###.#...
#.......#...#.#.# #.#...
##..^##.#.###.#.# #.#...
#...##.#.###.#.# #.#.##
#...##.....#.#.###.#.##
#...##.....#<#.#.......


You could see an orc.

Vanquished Creatures
  An orc wizard (D:3)
  2 adders (D:3)
  6 dart slugs
  7 orcs (D:3)
  4 ball pythons
  9 endoplasms
  3 giant cockroaches
  7 goblins
  5 hobgoblins
  7 jackals (D:1)
  2 quokkas
  6 bats
  6 frilled lizards
  7 kobolds
  3 rats
75 creatures vanquished.

Notes
Turn   | Place    | Note
-------+----------+-------------------------------------------
     0 | D:1      | KoroneIsBestGirl the Minotaur Fighter began the quest for
                  | the Orb.
     0 | D:1      | Reached XP level 1. HP: 19/19 MP: 0/0
    95 | D:1      | Reached XP level 2. HP: 25/27 MP: 1/1
   438 | D:1      | Reached XP level 3. HP: 32/33 MP: 2/2
   450 | D:1      | Found a faded altar of an unknown god.
   450 | D:1      | Noticed a hellion
   900 | D:2      | You fall into a shaft and drop 1 floor!
  1314 | D:2      | Found a white marble altar of Elyvilon.
  1400 | D:2      | Reached XP level 4. HP: 40/40 MP: 3/3
  2340 | D:3      | Reached XP level 5. HP: 25/47 MP: 4/4
  2369 | D:3      | Killed from afar by an orc wizard

Illustrated notes

Levels and vault maps discovered:
D:1:      minmay_arrival_glassed_features, layout_basic,
          dreamdust_ecumenical_altar_sealed_demon, serial_bayou_pond_b
D:2:      kennysheep_the_goblin_king, layout_basic, basic_altar
D:3:      layout_basic, wad_rectangle_vault

Skill      XL: |  1  2 |
---------------+-------+-----
Armour         | 4 |  4.7
Fighting       | 4 |  4.6
Polearms       | 3 |  3.7
Shields        | 4 |  4.6

Action                   |  1- 3 |  4- 6 || total
-------------------------+-------+-------++-------
Melee: Trident           |   116 |    74 ||   190
       Headbutt          |    15 |     6 ||    21
Throw: Stone             |     4 |       ||     4
Armor: Scale mail        |    44 |    32 ||    76
Dodge: Dodged            |    36 |    11 ||    47
Block: Buckler           |    22 |     2 ||    24

Table legend: (Time is in decaauts)
 A = Elapsed time spent in this place.
 B = Non-inter-level travel time spent in this place.
 C = Inter-level travel time spent in this place.
 D = Time resting spent in this place.
 E = Time spent auto-exploring this place.
 F = Levels seen in this place.
 G = Mean time per level.
                   A        B        C        D        E       F      G
               +--------+--------+--------+--------+--------+-----+--------+
         Total |   2397 |   2310 |     87 |      0 |   1870 |   3 |  799.0 |
       Dungeon |   2397 |   2310 |     87 |      0 |   1870 |   3 |  799.0 |
               +--------+--------+--------+--------+--------+-----+--------+

Top non-repeatable levels by time:
     D:3: 916 daAuts
     D:1: 882 daAuts
     D:2: 598 daAuts
